 Dungeon Crawl Stone Soup version 0.27-a0-1308-gc08437e49b (webtiles) character file.

Game seed: 2790166796106086543

94 Sobieck the Ducker (level 4, 0/24 HPs)
             Began as a Spriggan Berserker on June 18, 2021.
             Was a Believer of Trog.
             Slain by an orc wizard (2 damage)
             ... on level 3 of the Dungeon.
             The game lasted 00:02:45 (2392 turns).

Sobieck the Ducker (Spriggan Berserker)             Turns: 2392, Time: 00:02:45

Health: 0/24       AC:  2    Str: 14    XL:     4   Next: 38%
Magic:  5/5        EV: 18    Int:  8    God:    Trog [**....]
Gold:   63         SH:  0    Dex: 14    Spells: 3/3 levels left

rFire    . . .     SeeInvis +   a - +0 falchion {long}
rCold    . . .     Faith    .   (shield restricted)
rNeg     + . .     Spirit   .   b - +0 animal skin
rPois    .         Reflect  .   (helmet restricted)
rElec    .         Harm     .   (no cloak)
rCorr    .         Rampage  .   (gloves unavailable)
Will     .....                  (boots unavailable)
Stlth    +.........             (no amulet)
HPRegen  0.08/turn              h - ring of positive energy
MPRegen  0.09/turn              (no ring)

@: confused, very quick
A: very small, no large weapons, unfitting armour, see invisible, speed 3
a: Renounce Religion, Berserk, Trog's Hand


You were on level 3 of the Dungeon.
You worshipped Trog.
Trog was pleased with you.
You visited 1 branch of the dungeon, and saw 4 of its levels.

You collected 63 gold pieces.


Innate Abilities, Weirdness & Mutations

You are very small and have problems with some larger weapons.
You are too small for most types of armour.
You have supernaturally acute eyesight. (SInv)
You cover ground extremely quickly. (Speed+++)


   Skills:
 + Level 3.0 Fighting
 * Level 3.5 Long Blades
 + Level 4.9 Dodging


You had 3 spell levels left.
You didn't know any spells.
Your spell library was empty.

Inventory:

Hand Weapons
 a - a +0 falchion (weapon) {long}
Missiles
 e - 19 sling bullets
 f - 18 bolts
 g - 64 stones (quivered) {throwing}
Armour
 b - a +0 animal skin (worn)
Jewellery
 h - a ring of positive energy (left hand)
   (You found it on level 2 of the Dungeon)
Scrolls
 c - a scroll of enchant armour {unknown}
 d - a scroll of noise {unknown}
 k - 2 scrolls of enchant weapon {unknown}
Potions
 i - a potion of heal wounds {unknown}
 j - a potion of might {unknown}

Dungeon Overview and Level Annotations

Branches:
Dungeon (4/15)
 Temple: D:4-7

Altars:

Shops:
D:2

* #########
.........
#.......#
#.......####
#..........#.#
#.....oo.....#
#....oo@.....#
#####+#.o....#
#......#
#.$....#
##.....#
.......
>......
#.##...


You could see 2 orc priests, 2 orc wizards and an orc.


Message History

The kobold hits you with a +0 short sword. 😮 HP[-3]
You take 3 damage, and now have 18/24 hp.
You are too injured to fight recklessly!
You are too injured to fight recklessly!
You are too injured to fight recklessly!
You closely miss the kobold. The kobold closely misses you.
You riposte.
You hit the kobold. You barely miss the kobold. The kobold barely misses you.
You riposte.
You hit the kobold.
You kill the kobold!
Trog accepts your kill.
g - 64 stones {throwing} (gained 3)
Things that are here:
a +0 short sword {short}; a kobold corpse
Things that are here:
a +0 short sword {short}; a kobold corpse You open the door.
There is an open door here.
You open the door.
There is an open door here.
There is an open door here.
There is an open door here.
A giant cockroach comes into view. 😎 HP[+6]
Your hp is fully restored (24).
You throw a stone {throwing}.
The stone {throwing} hits the giant cockroach.
You throw a stone {throwing}.
The stone {throwing} hits the giant cockroach but does no damage.
You throw a stone {throwing}.
The stone {throwing} closely misses the giant cockroach.
The giant cockroach completely misses you.
You hit the giant cockroach but do no damage.
The giant cockroach barely misses you.
You riposte.
You hit the giant cockroach.
You kill the giant cockroach!
Trog accepts your kill.
No target in view!
No target in view!
You see here a giant cockroach corpse.
g - 62 stones {throwing} (gained 1)
g - 63 stones {throwing} (gained 1)
g - 64 stones {throwing} (gained 1)
Found an escape hatch in the ceiling.
A rat comes into view.
You throw a stone {throwing}. The stone {throwing} hits the rat.
You throw a stone {throwing}.
The stone {throwing} barely misses the rat.
You throw a stone {throwing}.
The stone {throwing} hits the rat but does no damage.
You throw a stone {throwing}.
The stone {throwing} barely misses the rat.
You throw a stone {throwing}.
The stone {throwing} hits the rat but does no damage.
You hit the rat.
You kill the rat!
Trog accepts your kill.
No target in view!
g - 60 stones {throwing} (gained 1)
g - 61 stones {throwing} (gained 1)
g - 63 stones {throwing} (gained 2)
g - 64 stones {throwing} (gained 1)
Found a stone staircase leading down.
(D) Dungeon
Where to? (Enter - D:2, ? - help)
There is a stone staircase leading down here.
You climb downwards.
An orc, 2 orc priests and 2 orc wizards come into view.
The orc priest shouts!
The orc wizard shouts!
The orc shouts!
The orc priest shouts!
The orc wizard shouts!
The orc priest casts a cantrip, but nothing happens.
The orc wizard barely misses you.
You riposte.
You hit the orc wizard.
The orc wizard hits you with a +0 dagger.
Found 11 gold pieces.
Found a stone staircase leading down.
There is a stone staircase leading up here. 😕 HP[-2]
You take 2 damage, and now have 22/24 hp.
The orc wizard mumbles some strange words.
The orc wizard flickers and vanishes for a moment.
The orc priest invokes the aid of Beogh against you.
Beogh smites you!
Ouch! That really hurt!
* * * LOW HITPOINT WARNING * * *
The orc priest miscasts a cantrip.
The orc misses you.
The orc wizard gestures at you while chanting.
You are confused.
In your confused state, you trip and fall back down the stairs.
* * * LOW HITPOINT WARNING * * *
The orc priest completely misses you.
The orc priest hits you with a +0 falchion!
* * * LOW HITPOINT WARNING * * *
The orc wizard barely misses you. 😱 HP[-20]
You take 20 damage, and now have 2/24 hp.
MASSIVE DAMAGE!! (PAUSE)
The orc priest misses you.
The orc wizard hits you with a +0 dagger.
You die...

Skill      XL: |  1  2  3 |
---------------+----------+-----
Long Blades    | 3 |  3.5
Fighting       | 3 |  3.0
Dodging        | |  4.9

Action                   |  1- 3 |  4- 6 || total
-------------------------+-------+-------++-------
Melee: Falchion          |    97 |    18 ||   115
Throw: Stone             |       |     8 ||     8
Invok: Berserk           |     4 |       ||     4
  Use: Potion            |     1 |       ||     1
Armor: Animal skin       |     6 |     2 ||     8
Dodge: Dodged            |    86 |    19 ||   105
       Rpst.: Falchion   |    25 |    10 ||    35

Levels and vault maps discovered:
D:1:      dpeg_arrival_concentric_ovals, layout_basic, chequers_garden
D:2:      layout_loops_corners, serial_shops, nicolae_shop_window_shopping,
          kennysheep_nondescript, wander_ebering_terrifying_dragon_lair,
          uniq_jessica
D:3:      layout_basic, gammafunk_ghost_mausoleum,
          shapermc_ecumenical_altar_mp_ritualfount, dk_noncrumbling_2, uniq_ijyb
D:4:      layout_gridville, minmay_manual_mullet

Notes
Turn   | Place    | Note
-------+----------+-------------------------------------------
     0 | D:1      | Sobieck the Spriggan Berserker began the quest for the Orb.
     0 | D:1      | Reached XP level 1. HP: 11/11 MP: 2/2
     0 | D:1      | magus.rc [v1.9.6]
   617 | D:1      | Reached XP level 2. HP: 16/16 MP: 3/3
  1300 | D:3      | Reached skill level 3 in Long Blades
  1317 | D:3      | Reached XP level 3. HP: 19/19 MP: 4/4
  1554 | D:2      | Reached ** piety under Trog
  1594 | D:2      | HP: 3/19 [poisoned by an adder]
  1804 | D:2      | Found Feeheoce's General Store.
  1919 | D:2      | Noticed Jessica
  1926 | D:2      | Killed Jessica
  1927 | D:2      | Reached skill level 3 in Fighting
  1927 | D:2      | Reached XP level 4. HP: 13/24 MP: 5/5
  2391 | D:3      | HP: 2/24 [orc priest (7)]
  2392 | D:3      | Slain by an orc wizard

Vanquished Creatures
  Jessica (D:2)
  3 adders (D:2)
  A worm (D:3)
  2 orcs (D:2)
  2 ball pythons (D:1)
  4 bats
  4 endoplasms
  3 giant cockroaches
  2 goblins (D:2)
  5 hobgoblins
  2 quokkas (D:1)
  2 frilled lizards (D:2)
  2 kobolds
  3 rats (D:2)
36 creatures vanquished.

Table legend:
 A = Non-vault XP
 B = Vault XP
 C = Vault XP percentage of total XP
 D = Non-vault monster count
 E = Vault monster count
 F = Vault count percentage of total count
                 A         B        C        D         E       F
            +---------+---------+-------+---------+---------+-------
      Total |      97 |      38 |  28.1 |      34 |       2 |   5.6
            +---------+---------+-------+---------+---------+-------
        D:1 |      19 |       0 |   0.0 |      10 |       0 |   0.0
        D:2 |      71 |      38 |  34.9 |      22 |       2 |   8.3
        D:3 |       7 |       0 |   0.0 |       2 |       0 |   0.0
            +---------+---------+-------+---------+---------+-------

Illustrated notes

Table legend:
 A = Kills in this place as a percentage of kills in entire the game.
 B = Kills by you in this place as a percentage of kills by you in the entire game.
 C = Kills by friends in this place as a percentage of kills by friends in the entire game.
 D = Other kills in this place as a percentage of other kills in the entire game.
 E = Experience gained in this place as a percentage of experience gained in the entire game.
 F = Experience gained in this place divided by the number of levels of this place that you have seen.
                   A       B       C       D       E      F
               +-------+-------+-------+-------+-------+----------------------
         Total | 100.0 | 100.0 |   N/A |   N/A | 100.0 |  33.8
       Dungeon | 100.0 | 100.0 |   N/A |   N/A | 100.0 |  33.8
               +-------+-------+-------+-------+-------+----------------------

Table legend: (Time is in decaauts)
 A = Elapsed time spent in this place.
 B = Non-inter-level travel time spent in this place.
 C = Inter-level travel time spent in this place.
 D = Time resting spent in this place.
 E = Time spent auto-exploring this place.
 F = Levels seen in this place.
 G = Mean time per level.
                   A        B        C        D        E       F      G
               +--------+--------+--------+--------+--------+-----+--------+
         Total |   1980 |   1925 |     55 |    894 |    797 |   4 |  495.0 |
       Dungeon |   1980 |   1925 |     55 |    894 |    797 |   4 |  495.0 |
               +--------+--------+--------+--------+--------+-----+--------+

Top non-repeatable levels by time:
     D:2: 1006 daAuts
     D:1: 935 daAuts
     D:3: 37 daAuts
     D:4: 1 daAuts
